Unix NetHack Version 5.0.0-0 post-release - last build Jun 10 2026 00:39:30 (3ee93aec679c4c4259841fe613dc97188e26a321,branch:main).

Game began 2026-06-13 06:00:57, ended 2026-06-13 06:06:04.

Brudee, chaotic female human Rogue

           --
          --.--
          |....-  ---
          |.....---.---
-- --------......<..)@G
|............  -....d.--
--  ----...............|
       ---... ----.....|
         ---    -......-
                (.......
              (..........
            -......---..-
            -......|  ---
            .......|
           ........-
          |........
          |..-------
          |.-
          --

Brudee the Cutpurse     St:16 Dx:18 Co:9 In:14 Wi:8 Ch:10  Chaotic S:524
Dlvl:3  $:144 HP:0(29) Pw:12(12) AC:7  Xp:3/70 T:761  Burdened

Latest messages:
 You don't have that object.
 What do you want to fire? [$bq or ?*] b
 Your alternate weapon is 4 daggers.  Ready 3 of them? [ynq] (q) y
 You ready: u - 3 +0 daggers.
 In what direction? l
 The dagger hits the dwarf.
 In what direction? l
 You throw 2 daggers.
 The 1st dagger hits the dwarf!
 You kill the dwarf!
 Shaggy picks up a dart.
 Really step into that pit? [yn] (n) n
 Really step into that pit? [yn] (n) n
 Really step into that pit? [yn] (n) n
 Really step into that pit? [yn] (n) y
 You fall into a pit!
 b - 4 +0 daggers (alternate weapons; not wielded) (5 in total).
 There is a pit here.
 An arrow misses you.
 You have a little trouble lifting a pick-axe.  Continue? [ynq] (q) y
 You have a little trouble lifting v - a pick-axe.
 Your movements are slowed slightly because of your load.
 You are still in a pit.
 You are still in a pit.
 You are still in a pit.
 You are hit by an arrow!
 You are hit by an arrow!
 You are still in a pit.
 You are still in a pit.
 You are almost hit by an arrow.
 You are hit by an arrow.
 You are still in a pit.
 You have no ammunition readied.
 What do you want to fire? [$bq or ?*] b
 Your alternate weapon is 5 daggers.  Ready 4 of them? [ynq] (q) y
 You ready: w - 4 +0 daggers.
 In what direction? l
 The dagger hits the gnome lord.
 The gnome lord thrusts his dagger.
 The gnome lord hits!
 In what direction? l
 You throw 2 daggers.
 The 1st dagger hits the gnome lord.
 The 2nd dagger hits the gnome lord.
 Shaggy drops a dart.
 The gnome lord thrusts his dagger.
 The gnome lord hits!
 You die...
 Do you want your possessions identified? [ynq] (y) y
 Do you want to see your attributes? [ynq] (y) q

Inventory:
 Coins    ('$')
  $ - 144 gold pieces
 Weapons  (')')
  b - a +0 dagger (alternate weapon; not wielded)
  w - a +0 dagger (at the ready)
  a - a +0 short sword (weapon in right hand)
  q - a +0 two-handed sword
 Armor    ('[')
  c - an uncursed +1 leather armor (being worn)
 Comestibles  ('%')
  o - an uncursed food ration
  j - 3 uncursed lembas wafers
  k - an uncursed lichen corpse
 Scrolls  ('?')
  n - a cursed scroll of amnesia
  p - a cursed scroll of blank paper
  l - an uncursed scroll of earth
  r - an uncursed scroll of fire
  s - an uncursed scroll of stinking cloud
 Spellbooks  ('+')
  h - an uncursed spellbook of confuse monster
 Potions  ('!')
  i - 4 uncursed potions of healing
  d - an uncursed potion of sickness
 Tools    ('(')
  f - an empty uncursed sack
  g - an uncursed blindfold
  e - an uncursed lock pick
  v - a +0 pick-axe
  m - an uncursed tin whistle

Brudee the Rogue's attributes:

Background:
 You were a Cutpurse, a level 3 female human Rogue.
 You were chaotic, on a mission for Kos
 who was opposed by Issek (lawful) and Mog (neutral).
 You were right-handed.
 You were in the Gnomish Mines, on level 3.
 You entered the dungeon 761 turns ago.
 You had 70 experience points, 10 more were needed to attain level 4.
 Your score was 524 before end-of-game adjustments.

Basics:
 You had 0 out of 29 hit points.
 You had all 12 energy points (spell power).
 Your armor class was 7.
 Your wallet contained 144 zorkmids.
 Autopickup was on for '$!=+?/"' plus thrown.

Final Characteristics:
 Your strength was 16 (limit:18/100).
 Your dexterity was 18 (limit:18).
 Your constitution was 9 (limit:18).
 Your intelligence was 14 (limit:18).
 Your wisdom was 8 (limit:18).
 Your charisma was 10 (limit:18).

Final Status:
 You were trapped in a pit.
 You weren't hungry.
 You were burdened; movement was slightly slowed.
 You were wielding a short sword.
 You had basic skill with short sword.

Final Attributes:
 You were fervently aligned.
 You were stealthy.
 You were warded.
 You are dead.

Miscellaneous:
 You didn't encounter any bones levels.
 Total elapsed playing time was 5 minutes and 6 seconds.

Major events:
 Turn
    1: Brudee the chaotic female human Rogue entered the dungeon
  329: entered the Gnomish Mines
  733: attained the rank of Cutpurse (level 3)
  761: killed by a gnome lord

You didn't know any spells.

Skills:
 Fighting Skills
   bare handed combat [Unskilled]
   two weapon combat  [Unskilled]
   riding             [Unskilled]
 Weapon Skills
   dagger             [Basic]
   knife              [Unskilled]
   short sword        [Basic]
   broadsword         [Unskilled]
   long sword         [Unskilled]
   two-handed sword   [Unskilled]
   saber              [Unskilled]
   club               [Unskilled]
   mace               [Unskilled]
   morning star       [Unskilled]
   flail              [Unskilled]
   hammer             [Unskilled]
   polearms           [Unskilled]
   spear              [Unskilled]
   crossbow           [Unskilled]
   dart               [Unskilled]
   shuriken           [Unskilled]
 Spellcasting Skills
   divination spells  [Unskilled]
   escape spells      [Unskilled]
   matter spells      [Unskilled]

Voluntary challenges:
 Character rerolling was not enabled.
 You were an atheist.
 You were illiterate.
 You never genocided any monsters.
 You never polymorphed an object.
 You never changed form.
 You used no wishes.
Achievements:
 You entered the Gnomish Mines.
 You attained the rank of Cutpurse.

 The Dungeons of Doom: levels 1 to 3
    Level 1:
       A fountain, a sink.
    Level 2:
       A sink.
       Stairs down to The Gnomish Mines.
    Level 3:
       A sink.
 The Gnomish Mines:
    Level 3: <- You were here.
       Final resting place for
          you, killed by a gnome lord.


Vanquished creatures:
  a gnome leader
  a dwarf
  a hobbit
  a giant rat
  2 yellow molds
  2 gnomes
  a gnome zombie
  a gecko
  3 jackals
  a fox
  a kobold
  a grid bug
  a bat
  2 lichens
  2 kobold zombies
  3 newts
24 creatures vanquished.

No species were genocided or became extinct.

Game over:
                       ----------
                      /          \
                     /    REST    \
                    /      IN      \
                   /     PEACE      \
                  /                  \
                  |      Brudee      |
                  |      144 Au      |
                  |   killed by a    |
                  |    gnome lord    |
                  |                  |
                  |                  |
                  |       2026       |
                 *|     *  *  *      | *
        _________)/\\_//(\/(/\)/\//\/|_)_______

Goodbye Brudee the Rogue...

You died in The Gnomish Mines on dungeon level 3 with 510 points,
and 144 pieces of gold, after 761 moves.
You were level 3 with a maximum of 29 hit points when you died.

